 Dungeon Crawl Stone Soup version 0.19.3-1-g3169bf9 (webtiles) character file.

352 sveltemanboy the Destroyer (level 6, -5/32 HPs)
             Began as a Tengu Conjurer on Jan 25, 2017.
             Slain by a phantom (9 damage)
             ... on level 4 of the Dungeon.
             The game lasted 00:11:21 (4552 turns).

sveltemanboy the Destroyer (Tengu Conjurer)         Turns: 4552, Time: 00:11:21

Health: -5/32      AC:  2    Str:  8 (9)  XL:     6   Next: 62%
Magic:  1/12       EV: 12    Int: 15 (17) God:
Gold:   150        SH:  0    Dex: 12 (14) Spells: 3 memorised, 5 levels left

rFire  . . .     SeeInvis .     x - +0 dagger (venom)
rCold  . . .     Gourm    .     a - +0 robe
rNeg   . . .     Faith    .     (no shield)
rPois  .         Spirit   .     (helmet restricted)
rElec  .         Reflect  .     (no cloak)
rCorr  .         Harm     .     (no gloves)
MR     +....                    (boots unavailable)
Stlth  ++........               (no amulet)
                                (no ring)
                                i - ring of protection from magic

@: no status effects
A: beak, talons 3, able to fly 1
a: Fly


You were on level 4 of the Dungeon.
You were not hungry.

You visited 1 branch of the dungeon, and saw 4 of its levels.

You collected 150 gold pieces.

Inventory:

Hand Weapons
 x - a +0 dagger of venom (weapon)
Missiles
 g - 2 throwing nets (quivered)
Armour
 a - a +0 robe (worn)
Jewellery
 i - a ring of protection from magic (left hand)
Wands
 e - a wand of flame (0/48)
Scrolls
 f - a scroll of remove curse
 k - 4 scrolls of identify
 n - a scroll of recharging {unknown}
 o - a scroll of enchant armour {unknown}
 t - 2 scrolls of teleportation {unknown}
 v - a scroll of noise {unknown}
Potions
 d - 2 potions of flight
 h - a potion of degeneration
 j - 2 potions of lignification {unknown}
 l - a potion of berserk rage {unknown}
 p - a potion of invisibility {unknown}
 q - a potion of heal wounds {unknown}
 r - a potion of cure mutation {unknown}
 u - a potion of magic {unknown}
Books
 b - a book of Conjurations

   Spells                             Type                      Level
   a - Magic Dart                     Conjuration                  1
   b - Searing Ray                    Conjuration                  2
   c - Dazzling Spray                 Conjuration/Hexes            3
   d - Fulminant Prism                Conjuration/Hexes            4
   e - Iskenderun's Mystic Blast      Conjuration                  4
   f - Iskenderun's Battlesphere      Conjuration/Charms           5
Comestibles
 c - 3 bread rations
 m - a beef jerky
 s - 2 slices of pizza


   Skills:
 - Level 2.1 Dodging
 - Level 2.0 Stealth
 + Level 3.8 Spellcasting
 * Level 8.9 Conjurations


You had 5 spell levels left.
You knew the following spells:

 Your Spells              Type           Power        Failure   Level  Hunger
a - Magic Dart            Conj           ####         1%          1    None
b - Searing Ray           Conj           ####..       1%          2    ##.....
c - Iskenderun's Mystic   Conj           ####....     6%          4    ####...


Dungeon Overview and Level Annotations

Branches:
Dungeon (4/15)
 Temple: D:4-7

Altars:
Dithmenos
Gozag

Annotations:
D:4 TryAgain's ghost, amateur DEIE


Innate Abilities, Weirdness & Mutations

You have a beak for a mouth.
You have claws for feet.
You can fly.


Message History

The phantom misses you.
The searing ray hits the phantom.
The phantom is severely damaged.
You finish channeling your searing ray.
The phantom hits you.
* * * LOW HITPOINT WARNING * * *
Casting: Searing Ray
Confirm with . or Enter, or press ? or * to list all spells.
Aiming: Searing Ray
Press: ? - help, Shift-Dir - straight line, f/p - phantom
Aim: a phantom (severely damaged)
The searing ray misses the phantom. (Press . to maintain the ray.)
The phantom hits you.
* * * LOW HITPOINT WARNING * * *
The searing ray misses the phantom.
The phantom blinks!
It was a potion of degeneration.
There was something very wrong with that liquid.
You feel weakened.
You feel dopey.
You feel clumsy. The phantom hits you!
You die...

################ ###
#..@W..........###..
#.###########..<....
#รท# #..###.# #.#
#l.###.# #.#
#....... #.#
#..###.#
##########.#
#..###.#
#.....(....#
##.......
#.##########
#.....#..


You could see a phantom.

Vanquished Creatures
  2 orc priests (D:4)
  2 orc wizards
  2 worker ants
  9 adders
  3 worms
  4 dart slugs
  6 leopard geckos
  6 orcs
  A ball python (D:2)
  6 giant cockroaches
  6 goblins
  11 hobgoblins
  9 jackals
  6 kobolds
  A quokka (D:3)
  5 bats
  5 frilled lizards
  A jackal skeleton (D:4)
  6 rats
91 creatures vanquished.

Notes
Turn   | Place    | Note
-------+----------+-------------------------------------------
     0 | D:1      | sveltemanboy the Tengu Conjurer began the quest for the Orb.
     0 | D:1      | Reached XP level 1. HP: 10/10 MP: 4/4
   236 | D:1      | Reached XP level 2. HP: 15/15 MP: 3/6
   298 | D:1      | Learned a level 2 spell: Searing Ray
   774 | D:1      | Reached XP level 3. HP: 19/19 MP: 2/7
   837 | D:1      | Reached skill level 6 in Conjurations
  1208 | D:2      | Reached XP level 4. HP: 20/24 MP: 0/9
  1331 | D:2      | Found a faded altar of an unknown god.
  1783 | D:2      | Learned a level 4 spell: Iskenderun's Mystic Blast
  1787 | D:2      | Reached skill level 7 in Conjurations
  2196 | D:2      | Gained mutation: You can fly. [Tengu growth]
  2196 | D:2      | Reached XP level 5. HP: 23/28 MP: 8/10
  3059 | D:3      | Reached skill level 8 in Conjurations
  3365 | D:3      | Reached XP level 6. HP: 32/32 MP: 6/12
  3626 | D:3      | Found a shadowy altar of Dithmenos.
  3728 | D:3      | Found an opulent altar of Gozag.
  3877 | D:4      | Noticed TryAgain's ghost (amateur DEIE)
  4536 | D:4      | Noticed a phantom
  4552 | D:4      | Slain by a phantom

Skill      XL: |  1  2  3  4  5 |
---------------+----------------+-----
Conjurations   | 6 7 8 |  8.9
Spellcasting   | 3 |  3.8
Dodging        | |  2.1
Stealth        | |  2.0

Action                   |  1- 3 |  4- 6 || total
-------------------------+-------+-------++-------
Melee: Short sword       |     1 |     4 ||     5
       Kick              |     1 |     5 ||     6
       Dagger            |       |    17 ||    17
       Peck              |       |     1 ||     1
 Cast: Magic Dart        |    53 |    80 ||   133
       Searing Ray       |       |    14 ||    14
       Iskenderun's Myst |       |     5 ||     5
Evoke: Wand              |       |    13 ||    13
  Use: Scroll            |       |     2 ||     2
       Potion            |       |     1 ||     1
 Stab: Sleeping          |       |     1 ||     1
  Eat: Chunk             |     1 |    12 ||    13
Armor: Robe              |       |     8 ||     8
Dodge: Dodged            |     3 |    41 ||    44
